 Dungeon Crawl Stone Soup version 0.22.0-27-ga576289 (console) character file.

101 removed the Ruffian (level 4, -2/32 (33) HPs)
             Began as a Ghoul Enchanter on Aug 21, 2018.
             Slain by an orc priest
             ... wielding a +0 club
              (4 damage)
             ... on level 2 of the Dungeon.
             The game lasted 00:03:25 (2493 turns).

removed the Ruffian (Ghoul Enchanter)               Turns: 2493, Time: 00:03:26

HP:   -2/32 (33)    AC:  7    Str: 12    XL:     4   Next: 75%
MP:   5/5           EV: 11    Int: 10    God:
Gold: 119           SH:  0    Dex:  9    Spells: 6/6 levels left

rFire    . . .     SeeInvis .   a - +1 dagger
rCold    + + .     Gourm    .   (no shield)
rNeg     + + +     Faith    .   i - +0 leather armour {rC+}
rPois    ∞         Spirit   .   h - +0 helmet
rElec    .         Reflect  .   z - +0 cloak
rCorr    .         Harm     .   (no gloves)
MR       .....                  A - +1 pair of boots
Stlth    ++........             (no amulet)
HPRegen  0.00/turn              (no ring)
MPRegen  0.09/turn              (no ring)

@: rotting
A: rotting body, claws 1, carnivore, cold resistance 1, negative energy
resistance 3, inhibited regeneration, torment resistance, unbreathing
a: no special abilities


You were on level 2 of the Dungeon.
You were not hungry.

You visited 1 branch of the dungeon, and saw 3 of its levels.

You collected 119 gold pieces.

Inventory:

Hand Weapons
 a - a +1 dagger (weapon)
Armour
 b - a +0 robe
 h - a +0 helmet (worn)
 i - a +0 leather armour of cold resistance (worn)
 s - a +0 shield
 z - a +0 cloak (worn)
 A - a +1 pair of boots (worn)
Scrolls
 e - 2 scrolls of teleportation
 g - a scroll of noise
 o - 3 scrolls of identify {unknown}
 p - 3 scrolls of immolation {unknown}
 r - 4 scrolls of enchant armour {unknown}
 B - a scroll of magic mapping {unknown}
 D - a scroll of remove curse
Potions
 k - a potion of brilliance {unknown}
 l - a potion of might {unknown}
 t - a potion of mutation {unknown}
 v - 4 potions of curing {unknown}
 w - a potion of heal wounds {unknown}
Comestibles
 d - 4 rations
 E - a chunk of flesh


   Skills:
 - Level 0.8 Short Blades
 - Level 1.7 Dodging
 - Level 3.2 Stealth
 + Level 4.6 Unarmed Combat
 - Level 1.7 Spellcasting
   Level 2.4 Hexes


You had 6 spell levels left.
You didn't know any spells.
Your spell library contained the following spells:

 Spells                   Type           Power        Failure   Level  Hunger
 Corona                   Hex            #......      16%         1    ##.....
 Ensorcelled Hibernation  Hex/Ice        #.....       36%         2    ###....
 Confuse                  Hex            #.......     41%         3    ####...
 Tukima's Dance           Hex            #.......     41%         3    ####...
 Dazzling Spray           Conj/Hex       #.....       58%         3    ####...


Dungeon Overview and Level Annotations

Branches:
Dungeon (3/15)

Altars:


Innate Abilities, Weirdness & Mutations

Your body is rotting away.
You thrive on raw meat.
You are immune to poison.
You have sharp fingernails.
You are carnivorous and can eat meat at any time.
Your flesh is cold resistant. (rC+)
You are immune to negative energy. (rN+++)
You do not regenerate when monsters are visible.
You are immune to unholy pain and torment.
You can survive without breathing.


Message History

* * * LOW HITPOINT WARNING * * *
The orc priest hits you with a club.
* * * LOW HITPOINT WARNING * * *
The orc hits you but does no damage.
You barely miss the orc priest.
The orc priest is almost dead.
The jackal misses you.
The jackal bites you but does no damage. x2
The orc barely misses you. The orc priest barely misses you.
Unknown command.
Unknown command.
You closely miss the orc priest.
The orc priest is almost dead.
The jackal bites you.
* * * LOW HITPOINT WARNING * * *
The jackal bites you but does no damage.
The orc hits you.
* * * LOW HITPOINT WARNING * * *
The jackal completely misses you. The orc priest hits you with a club.
You die...

#.##.###...#
##>#.#.##.#.#
#)..###.#.#.####
#..#.#....#....#
##..##..#######.#
.#).###....#....#
.#..######.#.#.##
...........#...o#####
###............h@h..#
#######.###..o###.#
#.# ##.## #.# #.#
#.####.##### #.#
#....).....# #.#
######.###.# #.# #.#
#.# #.# #.# #.#
###(#########.# #.#


You could see an orc priest, an orc and 2 jackals.

Vanquished Creatures
  3 adders
  An ooze (D:1)
  A worm (D:2)
  3 dart slugs
  2 leopard geckos
  13 bats
  2 giant cockroaches (D:1)
  10 goblins
  7 hobgoblins
  5 kobolds
  2 ball pythons (D:2)
  6 frilled lizards
  5 rats (D:1)
60 creatures vanquished.

Notes
Turn   | Place    | Note
-------+----------+-------------------------------------------
     0 | D:1      | removed the Ghoul Enchanter began the quest for the Orb.
     0 | D:1      | Reached XP level 1. HP: 14/14 MP: 2/2
   120 | D:1      | Reached skill level 1 in Unarmed Combat
   134 | D:1      | Reached XP level 2. HP: 16/20 MP: 3/3
   254 | D:1      | Reached skill level 2 in Unarmed Combat
   462 | D:1      | Reached XP level 3. HP: 24/26 MP: 4/4
   468 | D:1      | Reached skill level 3 in Unarmed Combat
  1653 | D:2      | Reached XP level 4. HP: 29/33 MP: 5/5
  1657 | D:2      | Reached skill level 4 in Unarmed Combat
  2493 | D:2      | Slain by an orc priest

Skill      XL: |  1  2  3  4 |
---------------+-------------+-----
Unarmed Combat | 1 2 3 4 |  4.6
Short Blades   | |  0.8
Dodging        | |  1.7
Stealth        | |  3.2
Spellcasting   | |  1.7
Hexes          | |  2.4

Action                   |  1- 3 |  4- 6 || total
-------------------------+-------+-------++-------
Melee: Dagger            |   196 |    80 ||   276
       Punch             |     2 |       ||     2
  Use: Scroll            |     4 |     1 ||     5
 Stab: Sleeping          |     1 |     2 ||     3
  Eat: Chunk             |     5 |     2 ||     7
Armor: Robe              |     4 |       ||     4
       Leather armour    |    81 |    42 ||   123
Dodge: Dodged            |   137 |    61 ||   198
